 Dungeon Crawl Stone Soup version 0.29.1-1-gd02db6906a (webtiles) character file.

Game seed: 15803118946232014951

100878 Gurantaxtaxq the Eclecticist (level 15, -13/138 HPs)
             Began as a Purple Draconian Ice Elementalist on Sept 26, 2022.
             Was a High Priest of Sif Muna.
             Killed from afar by a frost giant (20 damage)
             ... with a bolt of cold
             ... on level 15 of the Dungeon on Sept 27, 2022.
             The game lasted 06:12:45 (29402 turns).

Gurantaxtaxq the Eclecticist (DrIE)                Turns: 29402, Time: 06:12:46

Health: -13/138    AC: 31    Str: 10    XL:     15   Next: 81%
Magic:  28/34      EV: 18    Int: 25    God:    Sif Muna [*****.]
Gold:   1440       SH: 19    Dex: 16    Spells: 27/44 levels left

rFire   . . .      SeeInvis .   t - +3 short sword of Truth {spect, rElec rC+ Int+3 Dex+3}
rCold   + . .      Faith    .   U - +2 kite shield
rNeg    + . .      Spirit   .   (body armour unavailable)
rPois   .          Reflect  +   f - +1 hat of Vexation {Rampage rElec rN+}
rElec   +          Harm     .   N - +2 cloak
rCorr   .          Rampage  +   c - +0 pair of gloves
Will    ++...                   P - +2 pair of boots
Stlth   ++........              V - amulet of reflection
HPRegen 0.33/turn               y - +4 ring of protection
MPRegen 0.24/turn               k - +4 ring of evasion

@: ice-armoured, freezing walls
A: breathe power, AC +9, unfitting armour, cold-blooded
a: Breathe Dispelling Energy, Renounce Religion, Channel Magic, Forget Spell,
Divine Exegesis


You were on level 15 of the Dungeon.
You worshipped Sif Muna.
Sif Muna was extremely pleased with you.
You visited 5 branches of the dungeon, and saw 24 of its levels.
You also visited: Ice Cave.

You collected 2142 gold pieces.
You spent 702 gold pieces at shops.

Inventory:

Hand Weapons
 t - the +3 short sword of Truth (weapon) {spect, rElec rC+ Int+3 Dex+3}
   (You found it on level 2 of the Dungeon)

   When its wielder attacks, the weapon's spirit leaps out and strikes again.
   The spirit shares a part of any damage it takes with its wielder.
   Int:       It affects your intelligence (+3).
   Dex:       It affects your dexterity (+3).
   rC:        It protects you from cold.
   rElec:     It insulates you from electricity.
Missiles
 d - 5 atropa-tipped darts
 o - 6 boomerangs of dispersal
 x - 20 poisoned darts
 T - 8 curare-tipped darts
Armour
 c - a +0 pair of gloves (worn)
 f - the +1 hat of Vexation (worn) {Rampage rElec rN+}
   (You acquired it on level 12 of the Dungeon)

   rElec:     It insulates you from electricity.
   rN:        It protects you from negative energy.
   Rampage:   It bestows one free step when moving towards enemies.
 G - a +0 pair of gloves of infusion
 N - a +2 cloak (worn)
 P - a +2 pair of boots (worn)
 U - a +2 kite shield (worn)
Jewellery
 k - a +4 ring of evasion (right hand)
 m - the ring "Onecuoj" {*Slow rElec rF+ rC+ Str+2}
   (You found it in an ice cave)

   [ring of protection from cold]

   Str:       It affects your strength (+2).
   rF:        It protects you from fire.
   rC:        It protects you from cold.
   rElec:     It insulates you from electricity.
   *Slow:     It may slow you when you take damage.
 r - a ring of ice
 v - the ring "Moget" {rPois rC+ Int+3 Dex-3 Stlth+}
   (You found it in an ice cave)

   [ring of protection from cold]

   Int:       It affects your intelligence (+3).
   Dex:       It affects your dexterity (-3).
   rC:        It protects you from cold.
   rPois:     It protects you from poison.
   Stlth:     It makes you more stealthy.
 y - a +4 ring of protection (left hand)
 C - a +6 ring of intelligence
 F - a ring of flight
 V - an amulet of reflection (around neck)
 Z - a ring of magical power
Wands
 q - a wand of polymorph (5)
 D - a wand of flame (16)
 E - a wand of acid (7)
 M - a wand of roots (35)
 Q - a wand of paralysis (22)
Scrolls
 e - 4 scrolls of fear
 g - 2 scrolls of immolation
 s - 9 scrolls of teleportation
 w - a scroll of brand weapon
 B - 3 scrolls of silence
 H - 5 scrolls of enchant weapon
 I - a scroll of blinking
 L - 3 scrolls of butterflies
 O - 4 scrolls of enchant armour
 S - a scroll of identify
 Y - 4 scrolls of poison
Potions
 a - a potion of magic
 h - 2 potions of invisibility
 i - 2 potions of cancellation
 j - 2 potions of attraction
 n - 9 potions of curing
 u - 3 potions of heal wounds
 z - 7 potions of lignification
 A - 2 potions of haste
 J - 3 potions of brilliance
 K - 4 potions of mutation
 W - a potion of might
 X - 5 potions of resistance
Miscellaneous
 b - a box of beasts (inert)
 l - a condenser vane
 p - a phantom mirror (inert)
 R - a lightning rod (4/4)


   Skills:
 + Level 14.2 Fighting
 - Level 7.3 Dodging
 - Level 1.7 Stealth
 + Level 11.9 Shields
 + Level 15.0 Spellcasting
 - Level 6.4 Summonings
 + Level 13.2 Ice Magic
 + Level 9.6 Air Magic
 - Level 3.0 Invocations


You had 27 spell levels left.
You knew the following spells:

 Your Spells              Type           Power      Damage    Failure   Level
a - Freeze                Ice            100%       1d11      1%          1
b - Frozen Ramparts       Ice            100%       1d16      1%          3
c - Ozocubu's Armour      Ice            71%        N/A       1%          3
d - Summon Lightning Spi  Summ/Air       56%        N/A       2%          4
e - Ice Form              Ice/Tmut       51%        N/A       4%          4
f - Ensorcelled Hibernat  Hex/Ice        100%       N/A       1%          2

Your spell library contained the following spells:

 Spells                   Type           Power      Damage    Failure   Level
 Shock                    Conj/Air       100%       1d9       1%          1
 Summon Small Mammal      Summ           100%       N/A       1%          1
 Call Canine Familiar     Summ           50%        N/A       1%          3
 Swiftness                Air            61%        N/A       1%          3
 Airstrike                Air            30%        2d(5-21)  1%          4
 Mephitic Cloud           Conj/Pois/Air  34%        N/A       4%          3
 Hailstorm                Conj/Ice       51%        3d11      4%          4
 Apportation              Tloc           36%        N/A       6%          1
 Foxfire                  Conj/Fire      72%        2x1d7     6%          1
 Magic Dart               Conj           72%        1d6       6%          1
 Necrotise                Necr           72%        1d7       6%          1
 Freezing Cloud           Conj/Ice/Air   27%        6-21      8%          5
 Scorch                   Fire           36%        2d6       9%          2
 Corpse Rot               Necr/Pois/Air  34%        N/A       16%         4
 Conjure Flame            Conj/Fire      18%        6-21      19%         3
 Portal Projectile        Hex/Tloc       36%        N/A       19%         3
 Spider Form              Tmut/Pois      18%        N/A       19%         3
 Tukima's Dance           Hex            18%        N/A       19%         3
 Lightning Bolt           Conj/Air       21%        1d36      24%         5
 Silence                  Hex/Air        21%        N/A       24%         5
 Anguish                  Hex/Necr       9%         N/A       52%         4
 Cause Fear               Hex            9%         N/A       52%         4
 Dispel Undead            Necr           18%        3d11      52%         4
 Fulminant Prism          Conj/Hex       9%         3d7       52%         4
 Leda's Liquefaction      Hex/Erth       9%         N/A       52%         4
 Passage of Golubria      Tloc           18%        N/A       52%         4
 Simulacrum               Ice/Necr       25%        N/A       52%         6
 Conjure Ball Lightning   Conj/Air       21%        3x3d6     78%         6
 Alistair's Intoxication  Tmut/Pois      12%        N/A       86%         5
 Blade Hands              Tmut           9%         N/A       86%         5
 Irradiate                Conj/Tmut      9%         3d14      86%         5
 Iskenderun's Battlesphe  Conj           18%        2d7       86%         5
 Monstrous Menagerie      Summ           25%        N/A       98%         7
 Death Channel            Necr           9%         N/A       100%        6
 Eringya's Noxious Bog    Tmut/Pois      9%         N/A       100%        6
 Dragon Form              Tmut           9%         N/A       100%        7
 Haunt                    Necr/Summ      17%        N/A       100%        7
 Malign Gateway           Summ/Tloc      17%        N/A       100%        7
 Orb of Destruction       Conj           9%         9d6       100%        7
 Storm Form               Tmut/Air       21%        N/A       100%        7
 Lehudib's Crystal Spear  Conj/Erth      9%         10d4      100%        8
 Maxwell's Capacitive Co  Air            30%        ∞         100%        8
 Summon Horrible Things   Summ           25%        N/A       100%        8
 Chain Lightning          Conj/Air       21%        3d28      100%        9
 Polar Vortex             Ice            35%        N/A       100%        9


Dungeon Overview and Level Annotations

Branches:
Dungeon (15/15)            Temple (1/1) D:4            Lair (5/5) D:10
 Shoals (0/4) Lair:3       Spider (1/4) Lair:3        Slime (0/5) Lair:4
    Orc (2/2) D:12            Elf (0/3) Orc:2        Vaults (0/5) D:14
  IceCv (visited)
 Depths: D:15

Altars:
Ashenzari
Elyvilon
Fedhas
Gozag
Makhleb
Okawaru
Ru
Sif Muna
Trog
Vehumet
Wu Jian
Xom
Yredelemnul
The Shining One
Lugonu

Shops:
Orc:1 *   Orc:2 [:*![

Portals:
Abyss: D:12 Lair:2

Annotations:
Lair:3 exclusion: oklob plant
Spider:1 Nikola


Innate Abilities, Weirdness & Mutations

You can breathe bolts of dispelling energy.
Your rich purple scales are hard. (AC +9)
You cannot fit into any form of body armour.
You are cold-blooded and may be slowed by cold attacks.


Message History

Your +3 short sword of Truth {spect, rElec rC+ Int+3 Dex+3} resists.
Your spectral weapon shares its damage with you!
* * * LOW HITPOINT WARNING * * *
You hit the frost giant.
The frost giant is almost dead.
Your +3 short sword of Truth {spect, rElec rC+ Int+3 Dex+3} barely misses the frost giant.
The wall freezes the frost giant but does no damage.
The frost giant gestures at you while chanting.
The bolt of cold hits you! You resist.
* * * LOW HITPOINT WARNING * * *
You hit the frost giant but do no damage.
The frost giant is almost dead.
Your +3 short sword of Truth {spect, rElec rC+ Int+3 Dex+3} barely misses the frost giant.
The frost giant resists.
The wall freezes the frost giant.
The frost giant casts a spell at you.
The bolt of cold hits you but does no damage.
You hit the frost giant but do no damage.
The frost giant is almost dead.
Your +3 short sword of Truth {spect, rElec rC+ Int+3 Dex+3} hits the frost giant but does no damage.
The frost giant completely resists.
The wall freezes the frost giant but does no damage.
The frost giant completely misses you.
The frost giant hits your +3 short sword of Truth {spect, rElec rC+ Int+3 Dex+3} with a +2 battleaxe of freezing!!
Your spectral weapon shares its damage with you!
The frost giant freezes your +3 short sword of Truth {spect, rElec rC+ Int+3 Dex+3}.
Your +3 short sword of Truth {spect, rElec rC+ Int+3 Dex+3} fades away.
* * * LOW HITPOINT WARNING * * *
You hit the frost giant but do no damage.
You tail-slap the frost giant, but do no damage.
The frost giant is almost dead.
Your +3 short sword of Truth {spect, rElec rC+ Int+3 Dex+3} hits the frost giant but does no damage.
The wall freezes the frost giant but does no damage.
The frost giant gestures at you while chanting.
The bolt of cold hits you. You resist.
* * * LOW HITPOINT WARNING * * *
The frost giant completely resists.
The wall freezes the frost giant but does no damage.
The frost giant points at you and mumbles some strange words.
The bolt of cold hits you!! You resist.
You die...

§§.#####.#
#.....#
≈..# #.#
##.####
§≈.# #.#
#.# .§.#
#.# #.#
...# #.#
##.# ...#
#.# #..#
...# #.#
#.## ...#
#.#
####'####
#### #.#
#≈≈.@(≈≈#
#.#
#≈..#C§≈#
########.#
#.#.#.#.#
.........#
#.≈.≈.≈^#
##########
#.≈...≈.#
#.≈...≈.#
#.##+##.#
#) .# #.
.#


You could see a frost giant and a friendly +3 short sword of Truth {spect, rElec
rC+ Int+3 Dex+3} (summoned).

Vanquished Creatures
  Jorgrun (Orc:2)
  Gastronok (D:8)
  Kirke (D:12)
  An azure jelly (IceCv)
  2 quicksilver oozes (IceCv)
  The ghost of groovy9 the Thaumaturge, a journeyman DECj of Vehumet (D:12)
  2 fire dragons
  Josephine (D:10)
  A great orb of eyes (D:12)
  2 catoblepae
  4 centaur warriors
  3 boulder beetles
  5 hydras
  A dancing weapon (D:14)
  2 two-headed ogres
  2 tengu warriors (D:15)
  Nergalle (D:10)
  Amaemon (D:8)
  Sonja (Orc:1)
  A wizard (D:14)
  A lindwurm (Lair:5)
  9 ugly things
  Pikel (D:8)
  2 deep elf pyromancers
  10 orc sorcerers (Orc:2)
  5 manticores
  A cyclops (D:11)
  Maurice (D:8)
  Joseph (D:8)
  8 black mambas
  2 gargoyles
  19 elephants
  3 ice statues (IceCv)
  2 torpor snails
  3 molten gargoyles (Lair:5)
  5 unseen horrors
  A demonic crawler (Lair:3)
  An orange demon (D:8)
  7 cane toads
  Maggie (D:7)
  A rime drake (Lair:5)
  13 komodo dragons
  2 kobold demonologists
  An efreet (D:13)
  A freezing wraith (D:14)
  A red devil (D:12)
  12 trolls
  A polar bear (shapeshifter) (D:14)
  A polar bear (Lair:5)
  3 hornets
  17 slime creatures (IceCv)
  10 blink frogs
  A snapping turtle (Lair:3)
  6 dream sheep (Lair:3)
  A shadow (D:10)
  2 jumping spiders (Lair:3)
  A centaur simulacrum (D:15)
  6 wraiths
  A vampire (D:14)
  7 wyverns
  A ynoxinul (D:12)
  39 yaks
  7 basilisks
  Grum (D:9)
  6 hogs (D:12)
  11 redbacks (Lair:3)
  6 steam dragons
  4 vampire mosquitoes
  Menkaure (D:7)
  7 wargs
  16 water moccasins
  2 hell hounds (Lair:5)
  An ice beast (D:5)
  A sky beast (D:7)
  15 orc warriors
  A great orb of eyes simulacrum (IceCv)
  10 wolves
  14 centaurs
  4 ogres
  A phantom (D:4)
  4 slime creature simulacra (IceCv)
  A kobold brigand (D:6)
  3 glowing shapeshifter simulacra (IceCv)
  11 bullfrogs
  A gnoll sergeant (D:8)
  A scorpion (D:5)
  4 wights
  28 killer bees
  6 electric eels
  6 howler monkeys
  8 lava snakes
  Crazy Yiuf (D:7)
  2 gnoll boudas (D:7)
  10 orc priests
  A hound (D:5)
  2 jellies
  3 iguanas
  43 orc wizards
  5 hell rats (Lair:3)
  A shapeshifter simulacrum (IceCv)
  Robin (D:3)
  14 gnolls
  6 adders
  3 river rats (Lair:1)
  A white imp (D:6)
  An ufetubus (D:5)
  A worm (D:3)
  3 dart slugs
  73 orcs
  10 endoplasms
  5 giant cockroaches
  16 goblins
  9 hobgoblins
  2 jackals (D:4)
  18 kobolds
  5 quokkas
  13 ball pythons
  4 bats
  3 frilled lizards
  8 rats
  A lurking horror (Lair:2)
691 creatures vanquished.

Vanquished Creatures (collateral kills)
  Snorg (Orc:1)
  Erica (D:11)
  A centaur warrior (D:13)
  2 two-headed ogres
  A dancing weapon (D:14)
  A fire crab (shapeshifter) (D:15)
  An orc knight (Orc:2)
  A deep elf pyromancer (D:13)
  An ugly thing (D:15)
  A demonic crawler (Lair:3)
  6 slime creatures (IceCv)
  A vampire mosquito (D:13)
  A steam dragon (Lair:5)
  A redback (Lair:3)
  A warg (Orc:2)
  2 hell hounds (Lair:5)
  6 orc warriors
  2 great orb of eyes simulacra (IceCv)
  4 centaurs
  A slime creature simulacrum (IceCv)
  2 glowing shapeshifter simulacra (IceCv)
  A hornet simulacrum (D:15)
  A lava snake (Lair:5)
  5 orc priests (Orc:2)
  5 orc wizards (Orc:2)
  2 shapeshifter simulacra (IceCv)
  10 orcs
62 creatures vanquished.

Vanquished Creatures (others)
  A wizard (D:12)
  A lava snake (Lair:4)
  An orc wizard (Orc:1)
  17 fungi
  38 plants
  7 withered plants (D:1)
65 creatures vanquished.

Grand Total: 818 creatures vanquished

Notes
Turn   | Place    | Note
-------+----------+-------------------------------------------
     0 | D:1      | Gurantaxtaxq the Draconian Ice Elementalist began the quest
                  | for the Orb.
     0 | D:1      | Reached XP level 1. HP: 14/14 MP: 3/3
   307 | D:1      | Reached XP level 2. HP: 20/20 MP: 3/5
   559 | D:1      | Found a faded altar of an unknown god.
   946 | D:1      | Reached XP level 3. HP: 26/26 MP: 7/7
  1451 | D:3      | Reached skill level 3 in Spellcasting
  1571 | D:2      | Learned a level 3 spell: Frozen Ramparts
  1575 | D:2      | Learned a level 3 spell: Ozocubu's Armour
  1656 | D:2      | Reached XP level 4. HP: 33/33 MP: 8/8
  1856 | D:2      | Identified the +3 short sword of Truth {spect, rElec rC+
                  | Int+3 Dex+3}
  2017 | D:2      | Reached skill level 5 in Ice Magic
  2213 | D:3      | Reached XP level 5. HP: 38/38 MP: 10/10
  2305 | D:3      | Noticed Robin
  2313 | D:3      | Killed Robin
  2806 | D:4      | Found a staircase to the Ecumenical Temple.
  2818 | Temple   | Entered the Ecumenical Temple
  2843 | Temple   | Became a worshipper of Sif Muna the Loreminder
  2851 | D:4      | Reached skill level 4 in Spellcasting
  2865 | D:4      | Found a basalt altar of Yredelemnul.
  2997 | D:4      | Noticed a phantom
  3022 | D:4      | Killed a phantom
  3023 | D:4      | Reached skill level 1 in Fighting
  3023 | D:4      | Reached XP level 6. HP: 44/48 MP: 7/12
  3108 | D:4      | Found a radiant altar of Vehumet.
  3585 | D:5      | Entered Level 5 of the Dungeon
  3658 | D:5      | Noticed a water moccasin
  3667 | D:5      | Killed a water moccasin
  3842 | D:5      | Found an opulent altar of Gozag.
  3950 | D:5      | Noticed an ice beast
  3971 | D:5      | Killed an ice beast
  3972 | D:5      | Your scales start taking on a rich purple colour.
  3972 | D:5      | Reached skill level 5 in Spellcasting
  3972 | D:5      | Reached XP level 7. HP: 57/57 MP: 12/15
  4019 | D:5      | Found a blossoming altar of Fedhas.
  4072 | D:5      | Reached skill level 6 in Spellcasting
  4358 | D:6      | Reached * piety under Sif Muna
  4407 | D:6      | Noticed a wyvern
  4412 | D:6      | Killed a wyvern
  4413 | D:6      | Reached XP level 8. HP: 56/66 MP: 10/17
  4451 | D:6      | You are sucked into a shaft and drop 1 floor!
  4576 | D:6      | Found a shimmering altar of Xom.
  5366 | D:7      | Reached skill level 7 in Spellcasting
  5413 | D:7      | Reached skill level 5 in Fighting
  5522 | D:7      | Found a white marble altar of Elyvilon.
  5610 | D:7      | Found a runed translucent door.
  5611 | D:7      | Noticed Crazy Yiuf
  5618 | D:7      | Killed Crazy Yiuf
  5669 | D:7      | Noticed Maggie
  5685 | D:7      | Killed Maggie
  5686 | D:7      | Reached XP level 9. HP: 59/75 MP: 14/20
  5769 | D:7      | Noticed Menkaure
  5778 | D:7      | Killed Menkaure
  5779 | D:7      | Reached skill level 8 in Spellcasting
  6005 | D:8      | Noticed Joseph
  6032 | D:8      | Killed Joseph
  6033 | D:8      | Reached skill level 5 in Dodging
  6236 | D:8      | Noticed Pikel
  6245 | D:8      | Killed Pikel
  6343 | D:8      | Reached XP level 10. HP: 82/86 MP: 17/22
  6364 | D:8      | Reached skill level 9 in Spellcasting
  6369 | D:8      | Noticed Maurice
  6400 | D:8      | Killed Maurice
  6479 | D:8      | Identified the +9 rapier of the Scavenger {antimagic, Will+
                  | Dex+4}
  6526 | D:8      | Noticed Gastronok
  6542 | D:8      | Killed Gastronok
  6542 | D:8      | Reached ** piety under Sif Muna
  6850 | D:8      | Noticed an orange demon
  6862 | D:8      | Killed an orange demon
  6876 | D:8      | Noticed Amaemon
  6899 | D:8      | Killed Amaemon
  6900 | D:8      | Reached skill level 10 in Spellcasting
  7296 | D:9      | Reached skill level 10 in Ice Magic
  7301 | D:9      | Reached XP level 11. HP: 91/97 MP: 17/25
  7346 | D:9      | Noticed Grum
  7365 | D:9      | Killed Grum
  7586 | D:9      | Reached *** piety under Sif Muna
  7660 | D:9      | Found a broken altar of Ashenzari.
  7906 | D:10     | Entered Level 10 of the Dungeon
  8003 | D:10     | Reached skill level 1 in Shields
  8134 | D:10     | Noticed a two-headed ogre
  8148 | D:10     | Killed a two-headed ogre
  8676 | D:10     | Found a staircase to the Lair.
  8844 | D:10     | Noticed Josephine
  8845 | D:10     | Noticed Nergalle
  8862 | D:10     | Noticed a spectral orc warlord
  8863 | D:10     | Noticed a spectral orc warlord
  8867 | D:10     | Killed Nergalle
  8886 | D:10     | Killed Josephine
  8890 | D:10     | Reached skill level 11 in Spellcasting
  9297 | D:10     | Reached skill level 10 in Fighting
  9340 | D:10     | Learned a level 4 spell: Summon Lightning Spire
  9360 | D:10     | Noticed a fire dragon
  9372 | D:10     | Killed a fire dragon
  9373 | D:10     | Reached skill level 5 in Shields
  9445 | D:10     | Reached skill level 1 in Summonings
  9445 | D:10     | Reached skill level 1 in Air Magic
  9760 | Lair:1   | Entered Level 1 of the Lair of Beasts
  9974 | Lair:1   | Reached XP level 12. HP: 106/106 MP: 21/27
 10500 | Lair:1   | Reached **** piety under Sif Muna
 11269 | Lair:2   | Found a corrupted altar of Lugonu.
 11480 | Lair:2   | Found a one-way gate to the infinite horrors of the Abyss.
 11598 | Lair:2   | You fall into a shaft and drop 1 floor!
 12511 | Lair:2   | Noticed a four-headed hydra
 12517 | Lair:2   | Killed a four-headed hydra
 12518 | Lair:2   | Reached skill level 12 in Spellcasting
 12890 | Lair:3   | Found a staircase to the Shoals.
 13225 | Lair:3   | Reached XP level 13. HP: 116/116 MP: 22/29
 13415 | Lair:3   | Found a hole to the Spider Nest.
 13480 | Lair:4   | Found a staircase to the Slime Pits.
 13818 | Lair:4   | Reached ***** piety under Sif Muna
 14470 | Lair:4   | Received a gift from Sif Muna
 14474 | Lair:4   | Got Xaanicuj's Precepts of the Sky and the Pyre {god gift}
 14554 | Lair:5   | Entered Level 5 of the Lair of Beasts
 14716 | Lair:5   | Reached skill level 5 in Air Magic
 14720 | Lair:5   | Reached skill level 5 in Summonings
 15832 | Lair:5   | Got the Directory of Unstable Conjuration
 16253 | Lair:5   | Noticed a fire dragon
 16260 | Lair:5   | Found a large runed translucent door.
 16331 | Lair:5   | Found a large runed translucent door.
 16384 | Lair:5   | Reached skill level 13 in Spellcasting
 16902 | Lair:5   | Reached XP level 14. HP: 94/126 MP: 25/31
 17135 | Lair:5   | Identified the +2 plate armour "Edeg Peb" {Will+++}
 17781 | Spider:1 | Entered Level 1 of the Spider Nest
 17794 | Spider:1 | Noticed Nikola
 18884 | D:11     | Noticed Erica
 18895 | D:11     | Killed Erica
 18896 | D:11     | Reached skill level 10 in Shields
 19280 | D:11     | Received a gift from Sif Muna
 19291 | D:11     | Got Sif Muna's Vellum of Cloudy Metamorphosis {god gift}
 19297 | D:11     | Learned a level 4 spell: Ice Form
 19300 | D:11     | Learned a level 2 spell: Ensorcelled Hibernation
 19862 | D:12     | Noticed groovy9's ghost (journeyman DECj)
 19871 | D:12     | Identified a scroll of acquirement
 19871 | D:12     | Acquired the +1 hat of Vexation {Rampage rElec rN+}
 19889 | D:12     | Reached skill level 1 in Invocations
 20105 | D:12     | Found a frozen archway.
 20114 | IceCv    | Entered an ice cave
 21558 | IceCv    | Noticed a quicksilver ooze
 21566 | IceCv    | Killed a quicksilver ooze
 22343 | IceCv    | Received a gift from Sif Muna
 22346 | IceCv    | Got Sif Muna's Precepts of Fog {god gift}
 22394 | IceCv    | Noticed a quicksilver ooze
 22398 | IceCv    | Killed a quicksilver ooze
 22438 | IceCv    | Noticed an azure jelly
 22446 | IceCv    | Killed an azure jelly
 22486 | IceCv    | Found a viscous altar of Jiyva.
 22513 | IceCv    | Got the ring "Onecuoj" {*Slow rElec rF+ rC+ Str+2}
 22516 | IceCv    | Got the ring "Moget" {rPois rC+ Int+3 Dex-3 Stlth+}
 22754 | D:12     | Found a staircase to the Orcish Mines.
 22777 | D:12     | Noticed Kirke
 22797 | D:12     | Killed Kirke
 22798 | D:12     | Reached skill level 14 in Spellcasting
 22936 | Orc:1    | Entered Level 1 of the Orcish Mines
 23160 | Orc:2    | Entered Level 2 of the Orcish Mines
 23864 | Orc:2    | Found Ziosh's Antique Armour Boutique.
 23879 | Orc:2    | Noticed Jorgrun
 23914 | Orc:2    | Killed Jorgrun
 24357 | Orc:2    | Found a staircase to the Elven Halls.
 24471 | Orc:2    | Reached XP level 15. HP: 121/136 MP: 22/33
 24907 | Orc:2    | Paralysed by an orc sorcerer for 2 turns
 24913 | Orc:2    | Received a gift from Sif Muna
 24953 | Orc:2    | Found Cymazxunt's Antique Armour Emporium.
 24953 | Orc:2    | Found Iwnuk's Book Shop.
 24960 | Orc:2    | Got Rulopyfo's Parchment of Attendants and Malediction {god
                  | gift}
 25239 | Orc:2    | Found Gurpha's Assorted Antiques.
 25239 | Orc:2    | Found Ycwae's Distillery.
 25298 | Orc:2    | Bought a pair of runed boots for 180 gold pieces
 25306 | Orc:2    | Bought a scratched gilded ring for 120 gold pieces
 25321 | Orc:2    | Bought a potion of curing for 39 gold pieces
 25321 | Orc:2    | Bought a potion of heal wounds for 65 gold pieces
 25321 | Orc:2    | Bought a potion of resistance for 130 gold pieces
 25393 | Orc:1    | Noticed Snorg
 25393 | Orc:1    | Noticed Sonja
 25401 | Orc:1    | Killed Snorg
 25402 | Orc:1    | Killed Sonja
 25558 | Orc:1    | Found Aghilosh's Assorted Antiques.
 25686 | Orc:1    | Found an iron altar of Okawaru.
 25860 | Orc:1    | Bought a scroll labelled YRITSAMIXIWA for 28 gold pieces
 25860 | Orc:1    | Bought a steel ring for 140 gold pieces
 26086 | D:12     | Identified the +3 dagger "Hiestr Bael" {vorpal, rPois rN+
                  | Dex+4}
 26149 | D:12     | Found a transporter.
 26149 | D:12     | Found a transporter.
 26234 | D:12     | Killed groovy9's ghost
 26643 | D:13     | Identified the +6 scale mail of Fresh Music {Dex+3}
 27048 | D:13     | Received a gift from Sif Muna
 27051 | D:13     | Got Sif Muna's Volume of Lethal Guile {god gift}
 27566 | D:14     | Found a gate to the Vaults.
 28743 | D:15     | Entered Level 15 of the Dungeon
 29372 | D:15     | Reached skill level 15 in Spellcasting
 29373 | D:15     | Noticed a frost giant
 29396 | D:15     | HP: 3/138 [frost giant/+2 battleaxe of freezing (6)]
 29402 | D:15     | Killed from afar by a frost giant

Illustrated notes

Levels and vault maps discovered:
D:1:      lightli_arrival_isolated_outpost, layout_rooms,
          shapermc_ecumenical_altar_flowoftime
D:2:      minmay_inner_zag, layout_loops_ring, minmay_strange_pillars
D:3:      layout_loops_corners, st_stairs_4, uniq_robin
D:4:      layout_basic, mainiacjoe_overflow_boulevard, vehumet_altar_wand_db,
          minmay_temple_entry_butterflies
D:5:      layout_basic, fedhas_bush_and_centaur_altar,
          nicolae_gozag_cash_rules_everything_around_me
D:6:      layout_basic, kennysheep_little_box, amcnicky_mini_pool_small
D:7:      layout_rooms, kennysheep_mini, minmay_misc_feat_nine_boxes,
          uniq_crazy_yiuf_cottage, uniq_maggie, uniq_menkaure
D:8:      layout_loops_ring, minmay_checkerbox, uniq_gastronok, uniq_maurice,
          uniq_pikel, uniq_joseph, uniq_amaemon
D:9:      layout_cave_pools, nicolae_ashenzari_skybound, uniq_grum
D:10:     layout_irregular_city, david_lair_shrubbed, nrook_mini_vaults,
          evilmike_minifort, uniq_nergalle, uniq_josephine
D:11:     layout_stronghold, st_stairs_11, uniq_erica
D:12:     layout_rooms, david_orc_1_choice, gammafunk_ghost_abyssal_escape,
          portal_ice_cave_entry_pillars_1, uniq_kirke
D:13:     layout_irregular_city
D:14:     layout_irregular_city, erik_vaults_1, dreamdust_wishing_well,
          grunt_ministairs_1
D:15:     grunt_enter_depths_snipers, layout_basic, serial_park_square1
          [serial_park_minivault_5x5_7], chequers_serial_rivers_small_b,
          grunt_tough_drop
Temple:   nicolae_temple_bog_church
Lair:1:   layout_cave_pods, pond
Lair:2:   layout_loops_ring, amcnicky_altar_lugonu_corruption
Lair:3:   layout_regular_city, minmay_shoals_entry_hut,
          spider_nest_entry_rubble, beast_lair_carwin_7
Lair:4:   layout_cave_pods, slime_entry_1, nicolae_lair_liquid_snakes
Lair:5:   cheibrodos_lair_end_hotspot, layout_layer_cave
Spider:1: layout_spider_delve, uniq_nikola
Orc:1:    layout_caves, serial_shops, nicolae_shop_waterfront,
          okawaru_metal_pillars_1_2, uniq_snorg, uniq_sonja
Orc:2:    st_orc_town, layout_caves, serial_shops, shop, uniq_jorgrun

Skill      XL: |  1  2  3  4  5  6  7  8  9 10 11 12 13 14 15 |
---------------+----------------------------------------------+-----
Spellcasting   | 3 4 5 6 7 8 10 11 12 13 14 15 | 15.0
Ice Magic      | 5 6 7 8 10 11 12 13 | 13.2
Fighting       | 1 3 4 6 7 9 10 11 12 13 14 | 14.2
Dodging        | 2 4 5 7 |  7.3
Shields        | 5 8 9 10 11 | 11.9
Summonings     | 1 4 6 |  6.4
Air Magic      | 1 4 6 8 9 |  9.6
Invocations    | 3 |  3.0
Stealth        | |  1.7

Action                   |  1- 3 |  4- 6 |  7- 9 | 10-12 | 13-15 || total
-------------------------+-------+-------+-------+-------+-------++-------
Melee: Short sword       |    73 |   109 |   110 |   335 |  1055 ||  1682
       Tailslap          |     9 |    15 |    28 |    96 |   233 ||   381
 Cast: Freeze            |    52 |     6 |       |     2 |       ||    60
       Frozen Ramparts   |       |     5 |    35 |    98 |   193 ||   331
       Ozocubu's Armour  |       |     3 |    12 |    46 |   114 ||   175
       Summon Lightning  |       |       |       |       |    74 ||    74
       Ice Form          |       |       |       |       |     1 ||     1
       Ensorcelled Hiber |       |       |       |       |     1 ||     1
Invok: Channel Magic     |       |       |       |       |     1 ||     1
 Abil: Breathe Dispellin |       |       |     4 |    30 |    77 ||   111
Evoke: Box of beasts     |       |       |       |       |     2 ||     2
       Wand              |       |       |       |       |     5 ||     5
       Phantom mirror    |       |       |       |       |     1 ||     1
  Use: Potion            |       |       |     1 |     3 |     6 ||    10
       Scroll            |       |       |       |    16 |    15 ||    31
 Stab: Distracted        |       |       |       |     3 |    11 ||    14
Armor: Skin              |    45 |    30 |    37 |   130 |   440 ||   682
Dodge: Dodged            |    71 |    60 |    79 |   301 |   604 ||  1115
Block: Orb               |       |       |       |    53 |       ||    53
       Reflection        |       |       |       |     1 |    69 ||    70
       Buckler           |       |       |       |    19 |   274 ||   293
       Kite shield       |       |       |       |       |   644 ||   644
